 Dungeon Crawl Stone Soup version 0.27-a0-1416-g941b2bd30b (webtiles) character file.

Game seed: 3849950398307382240

894673 Sergey the Hoplite (level 27, 0/247 HPs)
             Began as a Gargoyle Fighter on July 1, 2021.
             Was the Champion of the Shining One.
             Killed by divine providence
             ... invoked by a daeva
              (13 damage)
             ... in Pandemonium.
             The game lasted 01:38:19 (78390 turns).

Sergey the Hoplite (Gargoyle Fighter)              Turns: 78390, Time: 01:38:20

Health: 0/247      AC: 67    Str: 36    XL:     27
Magic:  34/36      EV: 13    Int: 14    God:    the Shining One [******]
Gold:   6832       SH: 47    Dex:  9    Spells: 37/40 levels left

rFire    + + +     SeeInvis +   q - +8 mithril axe "Arga" {speed, Will+}
rCold    + + .     Faith    .   a - +1 tower shield {rC+}
rNeg     + + +     Spirit   .   H - +10 gold dragon scales
rPois    ∞         Reflect  +   E - +0 helmet
rElec    +         Harm     .   I - +2 cloak {Will+}
rCorr    +         Rampage  .   Q - +0 pair of gloves "Otoyxuik" {rF+}
Will     +++++     Clarity  +   S - +2 pair of boots {Stlth+}
Stlth    ..........             f - amulet "Uskiuvysm" {Reflect rPois rCorr Int+2 SH+5}
HPRegen  0.51/turn              o - ring "Ixkakh" {Fly Will+ Str+5 SInv}
MPRegen  0.25/turn              G - ring "Taysoh" {Drain rPois rF+ Will+ Str+5}

@: berserking, divinely shielded, unable to read, flying, hasted, glowing,
studying 3 skills, very quick
A: sickness immunity, AC +20, big wings, negative energy resistance 1,
electricity resistance, torment resistance 1, petrification resistance, hooves
2, clarity, passive freeze, no potion heal 2, [berserk 2], [deterioration 2],
[frail 1], [screaming 2], weak 1[+1], [subdued magic 1], [inability to read
while threatened]
}: 8/15 runes: decaying, serpentine, slimy, silver, glowing, magical, fiery,
dark
a: Renounce Religion, Divine Shield, Cleansing Flame, Summon Divine Warrior


You were in Pandemonium.
You worshipped the Shining One.
The Shining One was exalted by your worship.
You visited 11 branches of the dungeon, and saw 55 of its levels.
You visited Pandemonium 2 times, and saw 26 of its levels.
You visited 1 ziggurat, and saw 9 of its levels.
You also visited: Ice Cave and Desolation.

You collected 11116 gold pieces.
You spent 4284 gold pieces at shops.

Inventory:

Hand Weapons
 q - the +8 mithril axe "Arga" (weapon) {speed, Will+}
   (You bought it in a shop on level 2 of the Snake Pit)

   Attacks with this weapon are significantly faster.
   Will:      It increases your willpower.
 w - a +9 broad axe of holy wrath
Missiles
 c - 8 curare-tipped darts (quivered)
 y - 36 atropa-tipped darts
 T - a throwing net
Armour
 a - a +1 tower shield of cold resistance (worn)
 E - a +0 helmet (worn)
 H - +10 gold dragon scales (worn)
 I - a +2 cloak of willpower (worn)
 Q - the +0 pair of gloves "Otoyxuik" (worn) {rF+}
   (You bought it in a shop on level 2 of the Orcish Mines)

   rF:        It protects you from fire.
 S - a +2 pair of boots of stealth (worn)
Jewellery
 b - a ring of willpower
 f - the amulet "Uskiuvysm" (around neck) {Reflect rPois rCorr Int+2 SH+5}
   (You bought it in a shop on level 4 of the Depths)

   [amulet of reflection]

   It reflects blocked missile attacks.
   Int:       It affects your intelligence (+2).
   rPois:     It protects you from poison.
   rCorr:     It protects you from acid and corrosion.
   SH:        It affects your SH (+5).
 o - the ring "Ixkakh" (left hand) {Fly Will+ Str+5 SInv}
   (You found it in the Desolation of Salt)

   [ring of flight]

   Str:       It affects your strength (+5).
   SInv:      It lets you see invisible.
   Fly:       It grants you flight.
   Will:      It increases your willpower.
 s - the ring of Jaathruil {Wiz *Slow rC++ rN+ Stlth+}
   (You found it in Pandemonium)

   [ring of wizardry]

   It improves your spell success rate.
   rC:        It greatly protects you from cold.
   rN:        It protects you from negative energy.
   *Slow:     It may slow you when you take damage.
   Stlth:     It makes you more stealthy.
 u - a ring of protection from cold
 C - the ring "Tobut" {rElec rC- rCorr EV+4 Str+6 Dex-2}
   (You found it in Pandemonium)

   [ring of evasion]

   EV:        It affects your evasion (+4).
   Str:       It affects your strength (+6).
   Dex:       It affects your dexterity (-2).
   rC:        It makes you vulnerable to cold.
   rElec:     It insulates you from electricity.
   rCorr:     It protects you from acid and corrosion.
 G - the ring "Taysoh" (right hand) {Drain rPois rF+ Will+ Str+5}
   (You took it off a yaktaur captain on level 5 of the Vaults)

   [ring of willpower]

   Str:       It affects your strength (+5).
   rF:        It protects you from fire.
   rPois:     It protects you from poison.
   Drain:     It drains your maximum health when unequipped.
   Will:      It increases your willpower.
Wands
 p - a wand of paralysis (35)
 v - a wand of digging (18)
 z - a wand of charming (5)
 N - a wand of mindburst (23)
 O - a wand of iceblast (47)
 Y - a wand of acid (9)
Scrolls
 e - 23 scrolls of teleportation {@r3}
 h - 3 scrolls of summoning
 i - 6 scrolls of enchant weapon
 r - 3 scrolls of immolation
 t - a scroll of fog
 D - 9 scrolls of fear
 L - 11 scrolls of identify {@r1}
 U - 3 scrolls of silence
 X - 2 scrolls of magic mapping
Potions
 d - 4 potions of might {@q3}
 g - 4 potions of haste {@q5}
 k - a potion of ambrosia
 m - 5 potions of cancellation
 n - 11 potions of curing {@q2}
 x - 10 potions of lignification
 J - 4 potions of resistance
 M - 2 potions of magic
 P - 7 potions of heal wounds {@q1}
 Z - 3 potions of attraction
Miscellaneous
 l - a box of beasts
 A - a phantom mirror
 B - a tin of tremorstones (inert)


   Skills:
 + Level 22.2 Fighting
 + Level 22.6 Axes
 + Level 22.5 Armour
 + Level 20.4 Dodging
 + Level 25.4 Shields
 + Level 7.2 Spellcasting
 + Level 7.1 Translocations
 + Level 19.3 Invocations
 + Level 12.1 Evocations


You had 37 spell levels left.
You knew the following spells:

 Your Spells              Type           Power      Damage    Failure   Level
e - Blink                 Tloc           N/A        N/A       4%          2
j - Apportation           Tloc           38%        N/A       3%          1

Your spell library contained the following spells:

 Spells                   Type           Power      Damage    Failure   Level
 Gell's Gravitas          Tloc           9%         N/A       10%         3
 Lesser Beckoning         Tloc           9%         N/A       10%         3
 Teleport Other           Tloc           19%        N/A       10%         3
 Passage of Golubria      Tloc           N/A        N/A       34%         4
 Portal Projectile        Hex/Tloc       22%        N/A       45%         3
 Animate Skeleton         Necr           6%         N/A       58%         1
 Beastly Appendage        Tmut           6%         N/A       58%         1
 Corona                   Hex            3%         N/A       58%         1
 Foxfire                  Conj/Fire      12%        2x1d4     58%         1
 Freeze                   Ice            12%        1d4       58%         1
 Magic Dart               Conj           12%        1d3       58%         1
 Pain                     Necr           12%        1d4       58%         1
 Sandblast                Erth           6%         2d5       58%         1
 Sting                    Tmut/Pois      12%        1d3       58%         1
 Summon Small Mammal      Summ           12%        N/A       58%         1
 Manifold Assault         Tloc           19%        N/A       71%         5
 Call Imp                 Summ           3%         N/A       73%         2
 Corpse Rot               Necr/Air       N/A        N/A       73%         2
 Ensorcelled Hibernation  Hex/Ice        6%         N/A       73%         2
 Passwall                 Tmut/Erth      2%         N/A       73%         2
 Poisonous Vapours        Pois/Air       6%         N/A       73%         2
 Searing Ray              Conj           6%         3d3       73%         2
 Slow                     Hex            3%         N/A       73%         2
 Static Discharge         Conj/Air       3%         N/A       73%         2
 Wereblood                Tmut           3%         N/A       73%         2
 Iskenderun's Mystic Bla  Conj/Tloc      11%        2d4       86%         4
 Call Canine Familiar     Summ           3%         N/A       92%         3
 Confusing Touch          Hex            3%         N/A       92%         3
 Conjure Flame            Conj/Fire      3%         6-21      92%         3
 Dazzling Flash           Conj/Hex       6%         N/A       92%         3
 Frozen Ramparts          Ice            6%         1d2       92%         3
 Ignite Poison            Fire/Tmut/Pois 3%         N/A       92%         3
 Inner Flame              Hex/Fire       3%         N/A       92%         3
 Mephitic Cloud           Conj/Pois/Air  3%         N/A       92%         3
 Spider Form              Tmut/Pois      1%         N/A       92%         3
 Stone Arrow              Conj/Erth      6%         3d7       92%         3
 Summon Guardian Golem    Hex/Summ       3%         N/A       92%         3
 Swiftness                Air            3%         N/A       92%         3
 Tukima's Dance           Hex            3%         N/A       92%         3
 Vampiric Draining        Necr           1%         2d6       92%         3
 Summon Forest            Summ/Tloc      5%         N/A       99%         5
 Dispersal                Tloc           9%         N/A       99%         6
 Airstrike                Air            1%         N/A       100%        4
 Animate Armour           Summ/Erth      6%         N/A       100%        4
 Animate Dead             Necr           1%         N/A       100%        4
 Cause Fear               Hex            1%         N/A       100%        4
 Dispel Undead            Necr           3%         3d7       100%        4
 Fulminant Prism          Conj/Hex       1%         3d6       100%        4
 Hailstorm                Conj/Ice       3%         3d3       100%        4
 Ice Form                 Ice/Tmut       3%         N/A       100%        4
 Leda's Liquefaction      Hex/Erth       1%         N/A       100%        4
 Olgreb's Toxic Radiance  Pois           3%         N/A       100%        4
 Petrify                  Tmut/Erth      3%         N/A       100%        4
 Sticky Flame             Conj/Fire      3%         2d3       100%        4
 Summon Ice Beast         Ice/Summ       3%         N/A       100%        4
 Summon Lightning Spire   Summ/Air       3%         N/A       100%        4
 Agony                    Necr           3%         N/A       100%        5
 Alistair's Intoxication  Tmut/Pois      2%         N/A       100%        5
 Blade Hands              Tmut           1%         N/A       100%        5
 Bolt of Magma            Conj/Fire/Erth 1%         4d4       100%        5
 Borgnjor's Vile Clutch   Necr/Erth      1%         N/A       100%        5
 Excruciating Wounds      Necr           1%         N/A       100%        5
 Fireball                 Conj/Fire      1%         3d3       100%        5
 Freezing Cloud           Conj/Ice/Air   1%         6-21      100%        5
 Irradiate                Conj/Tmut      1%         3d13      100%        5
 Iskenderun's Battlesphe  Conj           3%         2d6       100%        5
 Lee's Rapid Deconstruct  Erth           1%         3d5*      100%        5
 Lightning Bolt           Conj/Air       1%         1d12      100%        5
 Metabolic Englaciation   Hex/Ice        1%         N/A       100%        5
 Silence                  Hex/Air        1%         N/A       100%        5
 Summon Mana Viper        Hex/Summ       3%         N/A       100%        5
 Yara's Violent Unravell  Hex/Tmut       1%         3d3       100%        5
 Conjure Ball Lightning   Conj/Air       1%         3x3d6     100%        6
 Death Channel            Necr           1%         N/A       100%        6
 Eringya's Noxious Bog    Tmut/Pois      1%         N/A       100%        6
 Invisibility             Hex            1%         N/A       100%        6
 Iron Shot                Conj/Erth      1%         9d1       100%        6
 Shadow Creatures         Summ           N/A        N/A       100%        6
 Simulacrum               Ice/Necr       1%         N/A       100%        6
 Starburst                Conj/Fire      1%         8x6d3     100%        6
 Dragon Form              Tmut           1%         N/A       100%        7
 Haunt                    Necr/Summ      1%         N/A       100%        7
 Malign Gateway           Summ/Tloc      5%         N/A       100%        7
 Monstrous Menagerie      Summ           1%         N/A       100%        7
 Orb of Destruction       Conj           1%         N/A       100%        7
 Ozocubu's Refrigeration  Ice            1%         4d5       100%        7
 Spellforged Servitor     Conj/Summ      1%         N/A       100%        7
 Storm Form               Tmut/Air       1%         N/A       100%        7
 Summon Hydra             Summ           1%         N/A       100%        7
 Discord                  Hex            1%         N/A       100%        8
 Disjunction              Tloc           9%         N/A       100%        8
 Ignition                 Fire           1%         3d3       100%        8
 Lehudib's Crystal Spear  Conj/Erth      1%         10d2      100%        8
 Maxwell's Capacitive Co  Air            1%         ∞         100%        8
 Summon Horrible Things   Summ           1%         N/A       100%        8
 Chain Lightning          Conj/Air       1%         3d2       100%        9
 Dragon's Call            Summ           1%         N/A       100%        9
 Fire Storm               Conj/Fire      1%         8d1       100%        9
 Shatter                  Erth           1%         3d6*      100%        9
 Sublimation of Blood     Necr           Unusable   N/A       N/A         2
 Statue Form              Tmut/Erth      Unusable   N/A       N/A         6

Dungeon Overview and Level Annotations

Branches:
Dungeon (15/15)            Temple (1/1) D:6            Lair (6/6) D:11
  Swamp (4/4) Lair:2        Snake (4/4) Lair:2        Slime (5/5) Lair:6
    Orc (2/2) D:12            Elf (0/3) Orc:2        Vaults (5/5) D:14
  Crypt (3/3) Vaults:2     Depths (5/5) D:15            Zot (5/5) Depths:5
  IceCv (visited)         Desolation (visited)
   Tomb: Crypt:3

Altars:
Ashenzari
Cheibriados
Dithmenos
Elyvilon
Fedhas
Gozag
Hepliaklqana
Kikubaaqudgha
Makhleb
Nemelex Xobeh
Okawaru
Qazlal
Ru
Sif Muna
Trog
Uskayaw
Vehumet
Wu Jian
Xom
Yredelemnul
Zin
The Shining One
Beogh
Jiyva

Shops:
D:3 *   D:12 ([   Orc:2 ?(![(   Snake:1 !   Snake:2 *   Vaults:1 ([
Vaults:2 !   Depths:4 :=:

Portals:
Hell: Depths:1 Depths:2 Depths:3 Depths:4 Depths:5
Abyss: Zot:1 Depths:4
Pandemonium: Depths:1 Depths:3 Depths:4

Annotations:
Lair:6 exclusions: obsidian statue and oklob plant
Swamp:2 2 transporters, exclusion: obsidian statue
Swamp:3 exclusions: oklob plant and 1 more exclusion
Vaults:2 1 transporter
Zot:1 2 transporters, Sobieck's ghost, master VSBe
Zot:5 3 runed translucent doors, Siokh's ghost, master HOAr


Innate Abilities, Weirdness & Mutations

You are immune to sickness and miasma.
Your stone body is resilient. (AC +20)
You are immune to poison.
Your large and strong wings let you fly.
You resist negative energy. (rN+)
You are resistant to electric shocks. (rElec)
You are resistant to unholy torment.
You are immune to petrification.
You have hoof-like feet.
You possess an exceptional clarity of mind.
A frigid envelope surrounds you and freezes all who hurt you.
Potions cannot restore your health.
[You often lose your temper in combat.]
[Your body often deteriorates upon taking damage.]
[You are frail. (-10% HP)]
[You frequently scream uncontrollably at your foes.]
[You are very weak. (Str -4)]
[Your spells are a little easier to cast, but a little less powerful.]
[You sometimes lose the ability to read scrolls when taking damage.]


Message History

Unknown command.
A daeva comes into view.
It is wielding a +5 long sword of holy wrath.
The daeva shouts!
Okay, then.
Unknown command.
Unknown command.
You cannot read scrolls in your current state!
Unknown command.
You cannot read scrolls in your current state!
Unknown command.
Okay, then.
Unknown command.
Okay, then.
Unknown command.
You cannot read scrolls in your current state!
Unknown command.
Unknown command.
Okay, then.
Unknown command.
The daeva calls down the wrath of Zin upon you.
Zin smites you!
* * * LOW HITPOINT WARNING * * *
A red film seems to cover your vision as you go berserk!
You feel yourself moving faster!
You feel mighty!
The daeva calls down the wrath of Zin upon you.
Zin smites you!
* * * LOW HITPOINT WARNING * * *
The apis barely misses you. The daeva blocks your attack.
The daeva is severely wounded.
You slash the apis! You hit the daeva.
The daeva is severely wounded.
You slash the apis!
The daeva calls down the wrath of Zin upon you.
Zin smites you!
* * * LOW HITPOINT WARNING * * *
The daeva calls down the wrath of Zin upon you.
Zin smites you!
You die...

**,,,,,*#$.....#,,,,,,*,,,,,,,
*,,,,,*#.....^#*************,
*,,,,,##......,,,*,*,*,*,*,*,
*,,,,,*!._...###A+,,,,,,,,,+,
**,,,,*#.......A.*,*,*,*,*,*,
*,,,,*#.....A#*###*********,
**,,,*#/.A...#....,,*,,,,,,,
**,,**#.Y#.....#*,,*,**,,,,
*,,,*##A@.A#,,,,,,*,*,,,,,
*,,*,*######*******,,,,***
**,,,,,,,,,,,,,,,,,,****
***,,,,,,,,,,,,,,***
***,,,,,,,,***** **********


You could see an apis and 4 daevas.

Vanquished Creatures
  the Royal Jelly (Slime:5)
  Gloorx Vloq (Pan)
  Mnoleg (Pan)
  7 dread liches
  13 orbs of fire
  4 ancient liches
  2 juggernauts (Depths:4)
  Boris (Depths:5)
  Margery (Depths:5)
  Frederick (Vaults:5)
  Vashnia (Snake:2)
  A Killer Klown (Zot:5)
  7 pandemonium lords (Pan)
  A curse toe (Zot:5)
  6 golden dragons
  the Enchantress (Depths:5)
  A profane servitor (Zig:5)
  Nikola (Swamp:1)
  6 Tzitzimimeh (Pan)
  3 electric golems
  2 bone dragons
  3 Brimstone Fiends (Pan)
  A hellephant (Pan)
  A Hell Sentinel (Pan)
  16 tentacled monstrosities
  21 Orb Guardians (Zot:5)
  9 liches
  5 deep elf blademasters
  6 quicksilver dragons
  15 acid blobs
  16 titans
  7 deep elf master archers
  7 sphinxes
  3 thorn hunters
  5 ancient champions
  16 Executioners (Pan)
  7 death cobs
  Gastronok (Lair:1)
  10 shadow dragons
  Kirke (Swamp:3)
  5 draconian monks
  3 tengu reavers
  10 storm dragons
  16 fire giants
  9 azure jellies
  17 frost giants
  3 draconian knights
  4 iron dragons
  2 fenstrider witches
  10 rockslimes
  A ghost moth (Zot:4)
  6 nagarajas
  18 vault wardens
  16 balrugs (Pan)
  Louise (Swamp:2)
  5 deep elf sorcerers
  An orc warlord (Vaults:1)
  5 draconian scorchers
  2 draconian stormcallers
  4 draconian shifters
  3 curse skulls
  6 warmongers (Pan)
  19 ironbound preservers
  19 cacodemons
  3 imperial myrmidons (Desolation)
  7 ghouls
  5 war gargoyles
  8 reapers
  21 very ugly things
  9 draconian annihilators
  8 quicksilver oozes (Slime:5)
  5 blood saints (Pan)
  3 spriggan defenders (Depths:5)
  Nessos (D:13)
  22 stone giants
  6 lorocyprocas (Pan)
  10 green draconians
  9 corrupters (Pan)
  3 black suns (Pan)
  13 vampire knights
  3 deep elf demonologists (Vaults:5)
  5 deep elf annihilators
  13 yellow draconians
  10 black draconians
  14 purple draconians
  11 dire elephants
  11 white draconians
  12 red draconians
  2 halazid warlocks (Desolation)
  7 spark wasps
  10 blizzard demons (Pan)
  3 bunyips
  22 ettins
  7 green deaths (Pan)
  18 fire dragons
  5 jiangshi (Crypt:1)
  3 merfolk javelineers (Zig:9)
  3 deep elf death magi
  An eleionoma (Swamp:2)
  5 crystal guardians
  An eidolon (Zig:7)
  Josephine (D:13)
  5 ragged hierophants (Desolation)
  14 yaktaur captains
  2 merfolk impalers (Zig:9)
  4 deep elf high priests
  12 peacekeepers
  16 naga warriors
  2 salamander tyrants
  6 servants of whispers (Desolation)
  9 ice dragons
  4 hell beasts
  4 boulder beetles
  10 great orbs of eyes
  10 rakshasas
  17 hydras
  7 spriggan air magi
  31 vault guards
  6 ironbound thunderhulks
  A catoblepas (D:14)
  Erica (Lair:1)
  9 monstrous demonspawn (Pan)
  A death knight (D:13)
  2 ghost crabs
  16 ironbound frosthearts
  8 anacondas
  13 centaur warriors
  3 ogre magi
  4 dancing weapons (Crypt:3)
  A merfolk aquamancer (Zig:9)
  9 tengu warriors
  3 alligators
  13 two-headed ogres
  11 deep troll shamans
  6 deep troll earth magi
  8 vampire magi
  6 spriggan berserkers
  6 holy swine (Pan)
  4 ironbound beastmasters
  4 orc high priests
  A shock serpent (shapeshifter) (Depths:2)
  2 spectral dire elephants (Lair:6)
  13 deep elf knights
  17 naga sharpshooters
  16 hell knights
  2 shock serpents
  Sonja (Lair:5)
  36 sun demons
  15 soul eaters
  A spectral death yak (Lair:6)
  3 salamander mystics
  3 shadow wraiths (Pan)
  A fire crab (Swamp:4)
  30 sixfirhies
  A golden dragon zombie (Crypt:1)
  16 skeletal warriors
  9 iron trolls
  A death drake (shapeshifter) (Vaults:5)
  A quicksilver dragon simulacrum (Depths:5)
  3 flayed ghosts
  A spriggan druid (Swamp:3)
  A spectral anaconda (Lair:6)
  8 infernal demonspawn
  2 goliath frogs (Swamp:2)
  A sea snake (Zig:9)
  11 gelid demonspawn (Pan)
  6 torturous demonspawn (Pan)
  12 shadow demons
  4 bog bodies
  58 deep trolls
  9 naga ritualists
  5 glowing orange brains
  19 ironbound convokers
  15 wizards
  7 swamp dragons
  16 phantasmal warriors
  Pikel (D:6)
  8 deep elf archers
  9 deep elf pyromancers
  5 lindwurms
  10 orc knights
  An iron dragon zombie (Crypt:1)
  19 necromancers
  A wolf spider (shapeshifter) (Vaults:5)
  50 ugly things
  10 deep elf zephyrmancers
  24 moths of wrath
  2 manticores (shapeshifter)
  4 orc sorcerers
  7 mana vipers
  4 manticores
  20 salamanders
  2 shining eyes
  3 fauns (Zig:9)
  7 cyclopes
  4 will-o-the-wisps
  A stone giant skeleton (Crypt:3)
  2 iron dragon skeletons (Depths:2)
  Joseph (D:10)
  2 merfolk sirens (Zig:9)
  17 naga magi
  12 guardian serpents
  14 vault sentinels
  3 ice statues
  A guardian serpent (shapeshifter) (Vaults:5)
  8 cane toads
  3 rust devils (Pan)
  A water nymph (shapeshifter) (Vaults:5)
  2 molten gargoyles (Desolation)
  An eye of devastation (shapeshifter) (Depths:4)
  58 black mambas
  A gargoyle (D:13)
  2 eyes of devastation
  2 water nymphs (Zig:9)
  2 torpor snails
  2 rime drakes
  20 smoke demons (Pan)
  21 orange demons (Pan)
  19 elephants
  A yellow draconian zombie (Crypt:1)
  6 demonic crawlers (Pan)
  7 hellions (Pan)
  3 freezing wraiths
  13 komodo dragons
  25 yaktaurs
  A dire elephant skeleton (Crypt:1)
  6 kobold demonologists
  4 ice devils (Pan)
  2 red draconian zombies (Crypt:1)
  3 tengu conjurers
  12 efreet (Pan)
  25 red devils
  4 tormentors (Pan)
  A meliai (shapeshifter) (Depths:2)
  A wind drake (Zig:9)
  7 hellwings (Pan)
  2 queen bees (shapeshifter)
  2 tyrant leeches
  An iron troll skeleton (Crypt:1)
  14 merfolk (Zig:9)
  5 polar bears
  4 meliai (D:15)
  6 trolls
  A jumping spider (shapeshifter) (Vaults:5)
  49 saltlings (Desolation)
  12 hornets
  2 fire dragon zombies
  88 slime creatures
  3 spectral elephants (Lair:6)
  A stone giant simulacrum (Crypt:1)
  8 dream sheep
  An ice dragon zombie (Crypt:1)
  A dream sheep (shapeshifter) (Vaults:5)
  6 blink frogs
  2 snapping turtles (Zig:9)
  42 flying skulls
  An iron dragon simulacrum (Crypt:1)
  A vampire (Crypt:1)
  An ettin skeleton (Crypt:3)
  A shadow (D:13)
  Sigmund (D:4)
  15 spriggans
  8 water elementals
  9 basilisks
  19 large abominations (Pan)
  A fire bat (shapeshifter) (Vaults:5)
  7 wraiths
  31 ynoxinuls
  An elf zombie (Depths:2)
  3 hogs (Swamp:3)
  8 fire bats
  An elf simulacrum (Depths:2)
  56 yaks
  9 golden eyes
  A death yak simulacrum (Lair:6)
  17 chaos spawn
  9 neqoxecs (Pan)
  7 steam dragons
  12 vampire mosquitoes
  4 wargs
  Edmund (D:5)
  55 nagas
  21 water moccasins
  12 swamp worms
  An acid dragon (D:12)
  A snapping turtle zombie (Crypt:1)
  23 orc warriors
  5 swamp drakes (Swamp:4)
  13 ice beasts
  2 sky beasts (D:6)
  9 necrophages
  A manticore zombie (Crypt:3)
  6 black bears
  4 elephant zombies (Lair:6)
  8 ogres
  9 centaurs
  3 wolves (Lair:1)
  A phantom (D:5)
  2 elephant skeletons (Lair:6)
  5 kobold brigands
  13 bullfrogs
  A scorpion (D:5)
  A wyvern skeleton (D:7)
  A wyvern zombie (D:7)
  4 cane toad simulacra (Lair:6)
  13 killer bees
  3 elephant simulacra (Lair:6)
  8 wights
  2 howler monkeys
  2 electric eels (Lair:3)
  A lava snake (Swamp:4)
  2 bullfrog zombies (D:7)
  3 jellies
  2 hounds
  A bullfrog skeleton (D:7)
  3 centaur skeletons
  5 centaur zombies
  15 orc priests
  A demonspawn skeleton (Crypt:1)
  A gnoll shaman (D:7)
  25 orc wizards
  A scorpion zombie (D:5)
  A killer bee zombie (D:7)
  2 demigod zombies
  A tengu skeleton (Crypt:1)
  A hound zombie (D:5)
  2 howler monkey zombies
  A gnoll (D:3)
  12 adders
  A shadow imp (D:7)
  17 white imps
  An ufetubus (Vaults:1)
  A lava snake skeleton (Crypt:1)
  A worm (D:2)
  3 dart slugs
  73 orcs
  7 endoplasms
  4 giant cockroaches
  6 goblins
  3 hobgoblins (D:1)
  4 jackals (D:5)
  4 quokkas
  11 ball pythons
  A bat (D:3)
  3 frilled lizards
  19 kobolds
  3 rats
  6 ball lightnings (Pan)
  5 briar patches (Swamp:4)
2795 creatures vanquished.

Vanquished Creatures (collateral kills)
  Cerebov (Pan)
  A pandemonium lord (Pan)
  A Hell Sentinel (Pan)
  3 titans (Pan)
  2 eldritch tentacles (Pan)
  3 Executioners (Pan)
  6 cacodemons (Pan)
  5 balrugs (Pan)
  A curse skull (Pan)
  A black sun (Pan)
  A green death (Pan)
  A soul eater (Pan)
  A deep elf knight (Pan)
  3 sun demons (Pan)
  8 sixfirhies (Pan)
  A glowing orange brain (Pan)
  A shadow wraith (Pan)
  An infernal demonspawn (Pan)
  A shining eye (Pan)
  A moth of wrath (Zot:5)
  6 orange demons (Pan)
  A smoke demon (Pan)
  2 demonic crawlers (Pan)
  A hellwing (Pan)
  3 red devils (Pan)
  2 ynoxinuls (Pan)
  A chaos spawn (Pan)
  8 neqoxecs (Pan)
67 creatures vanquished.

Vanquished Creatures (others)
  A vault guard (Vaults:1)
  A naga warrior (Snake:4)
  A spriggan air mage (Pan)
  2 soul eaters (Pan)
  A salamander mystic (Snake:3)
  3 swamp dragons (Swamp:4)
  An infernal demonspawn (Pan)
  A moth of wrath (Zot:4)
  A smoke demon (Pan)
  4 bloated husks
  A saltling (Desolation)
  A spriggan (Swamp:3)
  A fire bat (Pan)
  3 humans (Swamp:3)
  2 yaks (Lair:6)
  A hog (Swamp:3)
  2 swamp drakes (Swamp:4)
  An orc (Orc:2)
  13 ball lightnings (Pan)
  14 foxfires
  17 fungi
  54 plants
  21 withered plants (Lair:6)
147 creatures vanquished.

Grand Total: 3009 creatures vanquished

Notes
Turn   | Place    | Note
-------+----------+-------------------------------------------
     0 | D:1      | Sergey the Gargoyle Fighter began the quest for the Orb.
     0 | D:1      | Reached XP level 1. HP: 14/14 MP: 1/1
    49 | D:1      | Reached XP level 2. HP: 19/19 MP: 2/2
   416 | D:1      | Reached XP level 3. HP: 23/23 MP: 3/3
  1331 | D:2      | Got Isagek's Grimoire of Curses
  1858 | D:3      | Reached XP level 4. HP: 28/28 MP: 4/4
  1954 | D:3      | Found Sucekk's General Store.
  2022 | D:3      | Reached XP level 5. HP: 4/32 MP: 5/5
  2398 | D:3      | Found an iron altar of Okawaru.
  2401 | D:3      | Found a bloodstained altar of Trog.
  2415 | D:3      | Became a worshipper of Warmaster Okawaru
  3035 | D:4      | Reached skill level 5 in Axes
  3035 | D:4      | Reached skill level 1 in Invocations
  3118 | D:4      | Noticed Sigmund
  3138 | D:4      | Killed Sigmund
  3139 | D:4      | Reached XP level 6. HP: 35/37 MP: 5/8
  3262 | D:4      | Reached * piety under Okawaru
  3263 | D:4      | Reached XP level 7. HP: 20/41 MP: 9/9
  3772 | D:4      | Noticed an air elemental
  3832 | D:4      | Found a stormy altar of Qazlal.
  3835 | D:4      | Noticed a water elemental
  3835 | D:4      | Noticed a fire elemental
  4340 | D:5      | Entered Level 5 of the Dungeon
  4641 | D:5      | Reached skill level 5 in Invocations
  4987 | D:5      | Noticed Edmund
  5003 | D:5      | Killed Edmund
  5003 | D:5      | Reached ** piety under Okawaru
  5004 | D:5      | Reached XP level 8. HP: 46/46 MP: 10/12
  5357 | D:5      | Paralysed by a centaur for 6 turns
  6339 | D:6      | Found a staircase to the Ecumenical Temple.
  6368 | Temple   | Entered the Ecumenical Temple
  6436 | D:6      | Noticed Pikel
  6449 | D:6      | Killed Pikel
  6450 | D:6      | Reached XP level 9. HP: 29/51 MP: 12/15
  7472 | D:7      | Noticed a cyclops
  7478 | D:7      | Noticed a two-headed ogre
  7502 | D:7      | Killed a cyclops
  7502 | D:7      | Reached *** piety under Okawaru
  7509 | D:7      | Killed a two-headed ogre
  7509 | D:7      | Reached **** piety under Okawaru
  7510 | D:7      | Reached skill level 10 in Axes
  7510 | D:7      | Reached skill level 4 in Shields
  7517 | D:7      | Reached XP level 10. HP: 31/57 MP: 16/16
  7701 | D:7      | Noticed a two-headed ogre
  7702 | D:7      | Noticed a manticore
  7707 | D:7      | Killed a manticore
  7708 | D:7      | Reached skill level 5 in Fighting
  7708 | D:7      | Reached skill level 5 in Armour
  7708 | D:7      | Reached skill level 5 in Shields
  7718 | D:7      | Killed a two-headed ogre
  7948 | D:7      | Reached skill level 6 in Shields
  8019 | D:7      | Found a burning altar of Makhleb.
  8097 | D:8      | Received a gift from Okawaru
  8836 | D:9      | Reached skill level 7 in Shields
  8843 | D:9      | Reached XP level 11. HP: 36/67 MP: 17/17
  8858 | D:9      | Noticed a boulder beetle
  8869 | D:9      | Killed a boulder beetle
  9116 | D:9      | Noticed a deep elf pyromancer
  9124 | D:9      | Killed a deep elf pyromancer
  9124 | D:9      | Reached ***** piety under Okawaru
  9198 | D:9      | You fall into a shaft and drop 1 floor!
  9198 | D:10     | Entered Level 10 of the Dungeon
  9263 | D:10     | Reached skill level 8 in Shields
  9537 | D:9      | Identified the +1 pair of gloves of Eternal Night {Str+4}
                  | (Okawaru gifted it to you on level 9 of the Dungeon)
  9537 | D:9      | Received a gift from Okawaru
  9877 | D:10     | Noticed Joseph
  9890 | D:10     | Killed Joseph
 10249 | D:10     | Reached skill level 9 in Shields
 10888 | D:11     | Noticed a centaur warrior
 10891 | D:11     | Killed a centaur warrior
 11206 | D:11     | Noticed a two-headed ogre
 11216 | D:11     | Killed a two-headed ogre
 11217 | D:11     | Reached skill level 10 in Shields
 11385 | D:11     | Found a staircase to the Lair.
 11407 | D:11     | Reached skill level 10 in Fighting
 11425 | D:11     | Reached XP level 12. HP: 42/77 MP: 18/18
 12068 | D:12     | Reached skill level 11 in Shields
 12105 | D:12     | Found Asuajano's Weapon Shop.
 12110 | D:12     | Found a staircase to the Orcish Mines.
 12114 | D:12     | Noticed a two-headed ogre
 12136 | D:12     | Killed a two-headed ogre
 12136 | D:12     | Received a gift from Okawaru
 12137 | D:12     | Reached skill level 12 in Shields
 12434 | D:12     | Found Bupsoynu's Armour Shop.
 13077 | D:13     | Noticed a centaur warrior
 13083 | D:13     | Killed a centaur warrior
 13084 | D:13     | Reached skill level 13 in Shields
 13342 | Lair:1   | Entered Level 1 of the Lair of Beasts
 13371 | Lair:1   | Reached skill level 1 in Evocations
 13460 | Lair:1   | Noticed Gastronok
 13515 | Lair:1   | Killed Gastronok
 13515 | Lair:1   | Received a gift from Okawaru
 13591 | Lair:1   | Reached XP level 13. HP: 82/82 MP: 19/19
 13628 | Lair:1   | Reached skill level 14 in Shields
 13680 | Lair:1   | Noticed Erica
 13698 | Lair:1   | Killed Erica
 14495 | Lair:2   | Found a staircase to the Snake Pit.
 14507 | Lair:2   | Reached skill level 5 in Evocations
 14620 | Lair:2   | Found a staircase to the Swamp.
 14861 | Lair:2   | Noticed an ice dragon
 15328 | Lair:2   | Reached skill level 15 in Shields
 15642 | Lair:2   | Identified a scroll of acquirement
 15646 | Lair:2   | Gained mutation: You are dopey. (Int -2) [potion of
                  | mutation]
 15659 | Lair:2   | Killed an ice dragon
 15985 | Lair:3   | Received a gift from Okawaru
 16864 | Lair:3   | Got Sif Muna's Almanac of the Entrancing Glacier
 17377 | Lair:4   | Gained mutation: Your large and strong wings let you fly.
                  | [Gargoyle growth]
 17377 | Lair:4   | Reached XP level 14. HP: 88/88 MP: 20/20
 18381 | Lair:5   | Noticed Sonja
 18391 | Lair:5   | Killed Sonja
 18588 | Lair:5   | Identified the +1 scale mail of Resonant the Leaf {rPois
                  | rCorr Str-4 Slay-6} (Okawaru gifted it to you on level 5 of
                  | the Lair of Beasts)
 18588 | Lair:5   | Received a gift from Okawaru
 19163 | Lair:6   | Entered Level 6 of the Lair of Beasts
 19322 | Lair:6   | Acquired a manual of Fighting
 19348 | Lair:6   | Found a staircase to the Slime Pits.
 19721 | Lair:6   | Noticed a dire elephant
 19721 | Lair:6   | Noticed a dire elephant
 19723 | Lair:6   | Noticed a dire elephant
 19723 | Lair:6   | Noticed a dire elephant
 19936 | Lair:6   | Killed a dire elephant
 19936 | Lair:6   | Killed a dire elephant
 19936 | Lair:6   | Killed a dire elephant
 19936 | Lair:6   | Killed a dire elephant
 20436 | Lair:6   | Noticed a dire elephant
 20456 | Lair:6   | Killed a dire elephant
 20469 | Lair:6   | Reached XP level 15. HP: 94/97 MP: 21/21
 20807 | Lair:6   | Reached ****** piety under Okawaru
 21888 | D:13     | Noticed Nessos
 21897 | D:13     | Killed Nessos
 22087 | D:13     | Noticed Josephine
 22098 | D:13     | Killed Josephine
 22628 | D:14     | Received a gift from Okawaru
 22767 | D:14     | Reached skill level 10 in Invocations
 22797 | D:14     | Found the +7 great mace "Firestarter" {inner flame, rF++}
 23117 | D:14     | Found a gate to the Vaults.
 23475 | D:15     | Entered Level 15 of the Dungeon
 23522 | D:15     | Found a frozen archway.
 23700 | IceCv    | Entered an ice cave
 23714 | IceCv    | Found a transporter.
 23778 | IceCv    | Found a transporter.
 23842 | D:15     | Reached skill level 15 in Fighting
 23910 | D:15     | Reached XP level 16. HP: 58/108 MP: 24/24
 24386 | D:15     | Found a staircase to the Depths.
 24788 | D:15     | Reached skill level 15 in Axes
 25606 | Orc:1    | Entered Level 1 of the Orcish Mines
 25913 | Orc:1    | Found a radiant altar of Vehumet.
 26049 | Orc:2    | Entered Level 2 of the Orcish Mines
 26175 | Orc:2    | Found Xigoaces's Antique Weapon Shop.
 26630 | Orc:2    | Found a staircase to the Elven Halls.
 26746 | Orc:2    | Found Zikoaphi's Armour Shop.
 26746 | Orc:2    | Found Naguxoucu's Magic Scroll Shop.
 26749 | Orc:2    | Found Celi's Antique Weapon Emporium.
 26777 | Orc:2    | Found Warafux's Distillery.
 27053 | Orc:2    | Bought a scroll of fear for 42 gold pieces
 27053 | Orc:2    | Bought a scroll of blinking for 90 gold pieces
 27053 | Orc:2    | Bought a scroll of teleportation for 36 gold pieces
 27053 | Orc:2    | Bought a scroll of summoning for 114 gold pieces
 27053 | Orc:2    | Bought a scroll of enchant armour for 90 gold pieces
 27053 | Orc:2    | Bought a scroll of fear for 42 gold pieces
 27053 | Orc:2    | Bought a scroll of teleportation for 36 gold pieces
 27053 | Orc:2    | Bought a scroll of summoning for 114 gold pieces
 27063 | Orc:2    | Bought 2 potions of curing for 84 gold pieces
 27063 | Orc:2    | Bought a potion of resistance for 140 gold pieces
 27063 | Orc:2    | Bought a potion of haste for 140 gold pieces
 27063 | Orc:2    | Bought a potion of lignification for 42 gold pieces
 27063 | Orc:2    | Bought a potion of lignification for 42 gold pieces
 27063 | Orc:2    | Bought a potion of might for 56 gold pieces
 27063 | Orc:2    | Bought a potion of heal wounds for 70 gold pieces
 27065 | Orc:2    | Bought the +0 pair of gloves "Otoyxuik" {rF+} for 222 gold
                  | pieces
 27421 | Snake:1  | Entered Level 1 of the Snake Pit
 27532 | Snake:1  | Reached skill level 10 in Armour
 27647 | Snake:1  | Received a gift from Okawaru
 27766 | Snake:1  | Reached skill level 1 in Dodging
 28168 | Snake:1  | Reached XP level 17. HP: 102/113 MP: 26/26
 28600 | Snake:1  | Found Piehuwom's Distillery.
 28955 | Snake:2  | Reached skill level 16 in Shields
 29611 | Snake:2  | Received a gift from Okawaru
 29765 | Snake:2  | Noticed Vashnia
 30054 | Snake:2  | Killed Vashnia
 30421 | Snake:2  | Found Wuzxinum's General Store.
 30429 | Snake:2  | Bought the +8 mithril axe "Arga" {speed, Will+} for 1033
                  | gold pieces
 30429 | Snake:2  | Found the +8 mithril axe "Arga" {speed, Will+}
 30735 | D:3      | Bought a scroll of brand weapon for 260 gold pieces
 31580 | Snake:3  | Reached skill level 17 in Shields
 31641 | Snake:3  | Received a gift from Okawaru
 31967 | Snake:3  | Reached XP level 18. HP: 110/119 MP: 27/27
 31986 | Snake:4  | Entered Level 4 of the Snake Pit
 32071 | Snake:4  | Reached skill level 5 in Dodging
 32614 | Snake:4  | Identified the +7 hunting sling of the Slicing Puffin
                  | {flame, *Slow Str+6} (Okawaru gifted it to you on level 4
                  | of the Snake Pit)
 32614 | Snake:4  | Received a gift from Okawaru
 32798 | Snake:4  | Reached skill level 18 in Shields
 33035 | Snake:4  | Got a serpentine rune of Zot
 33375 | Swamp:1  | Entered Level 1 of the Swamp
 33393 | Swamp:1  | Identified the +9 spear of Rauwkus {venom, Will+ Str-3
                  | Int+7} (Okawaru gifted it to you on level 1 of the Swamp)
 33393 | Swamp:1  | Received a gift from Okawaru
 33695 | Swamp:1  | Noticed Nikola
 34415 | Swamp:1  | Killed Nikola
 34529 | Swamp:2  | Found a transporter.
 34562 | Swamp:2  | Noticed a tentacled monstrosity
 34563 | Swamp:2  | Noticed a tentacled monstrosity
 34572 | Swamp:2  | Found a transporter.
 34777 | Swamp:2  | Noticed Louise
 34891 | Swamp:2  | Killed Louise
 34972 | Swamp:2  | Reached XP level 19. HP: 124/124 MP: 28/28
 35074 | Swamp:2  | Identified the +1 chain mail of Velicluw {Will+ Regen+
                  | Str-5}
 35109 | Swamp:3  | Noticed Kirke
 35128 | Swamp:3  | Killed Kirke
 36147 | Swamp:4  | Entered Level 4 of the Swamp
 36170 | Swamp:4  | Received a gift from Okawaru
 36270 | Swamp:4  | Reached skill level 19 in Shields
 36835 | Swamp:4  | Got a decaying rune of Zot
 37121 | Vaults:1 | Entered Level 1 of the Vaults
 37369 | Vaults:1 | Found Waliunax's Armour Shoppe.
 37635 | Vaults:1 | Received a gift from Okawaru
 38437 | Vaults:1 | Identified the +4 ring mail of the Depths {rElec Str+2}
                  | (Okawaru gifted it to you on level 1 of the Vaults)
 38437 | Vaults:1 | Received a gift from Okawaru
 38438 | Vaults:1 | Reached XP level 20. HP: 97/129 MP: 29/29
 38676 | Vaults:1 | Reached skill level 20 in Shields
 39675 | Vaults:1 | Found Iplukotz's Weapon Boutique.
 39932 | Vaults:2 | Noticed a dread lich
 39973 | Vaults:2 | Found a transporter.
 39974 | Vaults:2 | Found a radiant altar of Vehumet.
 40323 | Vaults:2 | Received a gift from Okawaru
 40335 | Vaults:2 | Reached skill level 15 in Armour
 41192 | Vaults:2 | Found a staircase to the Crypt.
 41192 | Vaults:2 | Found a basalt altar of Yredelemnul.
 41192 | Vaults:2 | Found an ancient bone altar of Kikubaaqudgha.
 41272 | Vaults:2 | Reached skill level 10 in Dodging
 41341 | Vaults:2 | Found Raezy's Distillery.
 41346 | Vaults:2 | Bought a potion of haste for 200 gold pieces
 41346 | Vaults:2 | Bought a potion of heal wounds for 100 gold pieces
 41346 | Vaults:2 | Bought a potion of mutation for 160 gold pieces
 41346 | Vaults:2 | Bought a potion of heal wounds for 100 gold pieces
 41695 | Vaults:3 | Reached XP level 21. HP: 129/134 MP: 30/30
 41699 | Vaults:3 | Identified the +5 hand axe "Newtbane" {protect, rC+ Dex+2}
                  | (Okawaru gifted it to you on level 3 of the Vaults)
 41699 | Vaults:3 | Received a gift from Okawaru
 42121 | Vaults:3 | Noticed a dread lich
 42156 | Vaults:3 | Received a gift from Okawaru
 42165 | Vaults:3 | Killed a dread lich
 42952 | Vaults:4 | Found a ruined gateway.
 43049 | Desolati | Entered the Desolation of Salt
 43310 | Desolati | Identified the ring "Ixkakh" {Fly Will+ Str+5 SInv}
 43484 | Desolati | Received a gift from Okawaru
 43490 | Desolati | Identified the ring "Qiosaun" {rN+ Will+ Str+2 Int-5
                  | Stlth+}
 43492 | Desolati | Identified the +3 ring mail of Card Tricks {Harm rN+ Int-3}
 44114 | Desolati | Identified the amulet of the Priest {Faith Harm +Inv}
 44132 | Desolati | Reached XP level 22. HP: 132/140 MP: 31/31
 44197 | Desolati | Got the Catalogue of Good Intentions
 44541 | Vaults:4 | Received a gift from Okawaru
 44984 | Vaults:4 | Reached skill level 15 in Dodging
 45693 | Depths:1 | Entered Level 1 of the Depths
 46196 | Depths:1 | Found a gateway to Hell.
 46357 | Depths:1 | Found a glowing golden altar of the Shining One.
 46466 | Depths:1 | Found a shimmering blue altar of Sif Muna.
 46851 | Depths:1 | Identified the +5 hand axe "Mofom" {holy, MP+9 Int+4}
                  | (Okawaru gifted it to you on level 1 of the Depths)
 46851 | Depths:1 | Received a gift from Okawaru
 47023 | Depths:1 | Gained mutation: You are clumsy. (Dex -2) [a cacodemon]
 47033 | Depths:1 | Found a one-way gate leading to the halls of Pandemonium.
 47701 | Depths:2 | Identified the +7 broad axe "Pevyury" {vorpal, Str+5 Int+3
                  | Dex+2} (Okawaru gifted it to you on level 2 of the Depths)
 47701 | Depths:2 | Received a gift from Okawaru
 47860 | Depths:2 | Found a hazy altar of Hepliaklqana.
 48529 | Depths:2 | Reached XP level 23. HP: 152/152 MP: 32/32
 49312 | Depths:3 | Received a gift from Okawaru
 50119 | Depths:3 | Found a gateway to a ziggurat.
 51134 | Zig:1    | Entered Level 1 of a ziggurat
 51149 | Zig:1    | Identified the +8 chain mail of Card Tricks {Str+3 Dex+3}
 51155 | Zig:2    | Entered Level 2 of a ziggurat
 51201 | Zig:3    | Entered Level 3 of a ziggurat
 51239 | Zig:4    | Entered Level 4 of a ziggurat
 51360 | Zig:5    | Entered Level 5 of a ziggurat
 51405 | Zig:5    | Identified the +0 plate armour "Maetz" {rElec rPois Str-2}
 51412 | Zig:6    | Entered Level 6 of a ziggurat
 51434 | Zig:6    | Received a gift from Okawaru
 51550 | Zig:7    | Entered Level 7 of a ziggurat
 51601 | Zig:7    | Identified the amulet "Kigitru" {Faith Will+}
 51637 | Zig:8    | Entered Level 8 of a ziggurat
 51752 | Zig:9    | Entered Level 9 of a ziggurat
 51763 | Zig:9    | Reached XP level 24. HP: 134/159 MP: 32/32
 52224 | Depths:4 | Found a sparkling altar of Nemelex Xobeh.
 52270 | Depths:4 | Found a one-way gate to the infinite horrors of the Abyss.
 52490 | Depths:4 | Found Qyngatt's Jewellery Shop.
 52491 | Depths:4 | Found Raivom's Book Emporium.
 52491 | Depths:4 | Found Nouqepte's Book Emporium.
 52544 | Depths:4 | Noticed a juggernaut
 53023 | Depths:4 | Killed a juggernaut
 53422 | Depths:4 | Identified the +10 hand axe of Honesty {flame, Int+2}
 53961 | Depths:4 | Noticed a juggernaut
 54000 | Depths:4 | Killed a juggernaut
 54000 | Depths:4 | Received a gift from Okawaru
 54364 | Depths:5 | Entered Level 5 of the Depths
 54424 | Depths:5 | Noticed Margery
 54452 | Depths:5 | Killed Margery
 55320 | Depths:5 | Received a gift from Okawaru
 55680 | Depths:5 | Reached XP level 25. HP: 160/166 MP: 33/33
 55814 | Depths:5 | Noticed Boris
 55835 | Depths:5 | Killed Boris
 56011 | Depths:5 | Reached skill level 21 in Shields
 56414 | Depths:4 | Bought the amulet "Uskiuvysm" {Reflect rPois rCorr Int+2
                  | SH+5} for 1071 gold pieces
 56508 | Depths:5 | Noticed the Enchantress
 56526 | Depths:5 | Killed the Enchantress
 56655 | Depths:5 | Found a gate to the Realm of Zot.
 57025 | Vaults:4 | You are sucked into a shaft and drop 1 floor!
 57025 | Vaults:5 | Entered Level 5 of the Vaults
 57093 | Vaults:5 | Identified the +10 dire flail of Reing {vorpal, Contam
                  | +Blink Dex+5}
 57101 | Vaults:5 | Identified the +8 great sword of Honour {venom, Str+4}
 57114 | Vaults:5 | Received a gift from Okawaru
 57160 | Vaults:5 | Noticed Frederick
 57177 | Vaults:5 | Killed Frederick
 57401 | Vaults:5 | Identified the +1 pair of gloves of Amelioration {rElec
                  | Int+3}
 57408 | Vaults:5 | Got a silver rune of Zot
 57599 | Vaults:5 | Noticed an ancient lich
 57621 | Vaults:5 | Killed an ancient lich
 57621 | Vaults:5 | Received a gift from Okawaru
 57902 | Vaults:5 | Identified the +8 scimitar of Departure {elec, rC+ Int+3
                  | Stlth+}
 58003 | Vaults:5 | Got the Guide on Shifting Creation
 58164 | Vaults:5 | Identified the ring "Taysoh" {Drain rPois rF+ Will+ Str+5}
 58178 | Vaults:5 | Identified the amulet "Awatoidd" {Spirit rF+ rN+ Will+
                  | Str+4}
 58186 | Vaults:5 | Reached skill level 10 in Evocations
 58256 | Vaults:5 | Reached XP level 26. HP: 77/173 MP: 34/34
 58568 | Vaults:5 | Noticed a dread lich
 58578 | Vaults:5 | Identified the ring "Tot Nuni" {rElec Str+6 Dex-3 SInv
                  | Stlth+}
 58591 | Vaults:5 | Killed a dread lich
 58687 | Vaults:5 | Reached skill level 15 in Invocations
 58825 | Vaults:5 | Identified the +7 war axe "Impbane" {vorpal, Str+3 Int-3
                  | Dex+7 SInv}
 59064 | Vaults:5 | Noticed a dread lich
 59079 | Vaults:5 | Killed a dread lich
 59079 | Vaults:5 | Received a gift from Okawaru
 59081 | Vaults:5 | Identified the ring "Guw Joa" {*Corrode rPois Will+ Dex+5}
 59095 | Vaults:5 | Noticed an ancient lich
 59113 | Vaults:5 | Killed an ancient lich
 59955 | Zot:1    | Entered Level 1 of the Realm of Zot
 60202 | Zot:1    | Received a gift from Okawaru
 60458 | Zot:1    | Noticed an orb of fire
 60488 | Zot:1    | Gained mutation: [You are weak. (Str -2)] [an orb of fire]
 60492 | Zot:1    | Killed an orb of fire
 60492 | Zot:1    | Received a gift from Okawaru
 61180 | Zot:1    | Found a transporter.
 61180 | Zot:1    | Found a transporter.
 61209 | Zot:1    | Noticed an ancient lich
 61211 | Zot:1    | Identified the amulet "Qoen" {Faith rCorr Str+4 Dex-3}
 61248 | Zot:1    | Reached skill level 22 in Shields
 61388 | Zot:1    | Noticed Sobieck's ghost (master VSBe)
 62326 | Zot:2    | Reached XP level 27. HP: 179/179 MP: 34/34
 62362 | Zot:2    | Received a gift from Okawaru
 62647 | Zot:2    | Learned a level 1 spell: Apportation
 64055 | Zot:4    | Gained mutation: You are very clumsy. (Dex -4) [mutagenic
                  | glow]
 64114 | Zot:4    | Gained mutation: [Your body sometimes deteriorates upon
                  | taking damage.] [mutagenic glow]
 65146 | Zot:5    | Entered Level 5 of the Realm of Zot
 65164 | Zot:5    | Identified the +7 hand crossbow "Roicuff" {venom, rCorr
                  | Int+3 Dex-5} (Okawaru gifted it to you on level 5 of the
                  | Realm of Zot)
 65164 | Zot:5    | Received a gift from Okawaru
 65605 | Zot:5    | Found a runed translucent gate.
 65606 | Zot:5    | Found a runed translucent gate.
 65607 | Zot:5    | Found a runed translucent gate.
 65608 | Zot:5    | Noticed Siokh's ghost (master HOAr)
 65617 | Zot:5    | Found the +8 whip "Snakebite" {curare, rPois}
 65781 | Zot:5    | Noticed an ancient lich
 65801 | Zot:5    | Killed an ancient lich
 65829 | Zot:5    | Noticed an ancient lich
 65831 | Zot:5    | Noticed an orb of fire
 65834 | Zot:5    | Noticed a dread lich
 65848 | Zot:5    | Noticed an orb of fire
 65853 | Zot:5    | Noticed an orb of fire
 65858 | Zot:5    | Killed a dread lich
 65858 | Zot:5    | Noticed an orb of fire
 65859 | Zot:5    | Noticed an orb of fire
 66256 | Zot:5    | Gained mutation: [You tend to lose your temper in combat.]
                  | [an orb of fire]
 66267 | Zot:5    | Killed an orb of fire
 66288 | Zot:5    | Lost mutation: [You tend to lose your temper in combat.]
                  | [potion of mutation]
 66288 | Zot:5    | Lost mutation: You are dopey. (Int -2) [potion of mutation]
 66288 | Zot:5    | Lost mutation: [You are weak. (Str -2)] [potion of
                  | mutation]
 66288 | Zot:5    | Gained mutation: [You sometimes lose the ability to read
                  | scrolls when taking damage.] [potion of mutation]
 66288 | Zot:5    | Gained mutation: You are robust. (+10% HP) [potion of
                  | mutation]
 66288 | Zot:5    | Gained mutation: You have sharp toenails. [potion of
                  | mutation]
 66288 | Zot:5    | Gained mutation: You have very sharp teeth. [potion of
                  | mutation]
 66289 | Zot:5    | Lost mutation: You have sharp toenails. [potion of
                  | mutation]
 66289 | Zot:5    | Lost mutation: [Your body sometimes deteriorates upon
                  | taking damage.] [potion of mutation]
 66289 | Zot:5    | Lost mutation: [You sometimes lose the ability to read
                  | scrolls when taking damage.] [potion of mutation]
 66289 | Zot:5    | Gained mutation: A frigid envelope surrounds you and
                  | freezes all who hurt you. [potion of mutation]
 66413 | Zot:5    | Noticed an orb of fire
 66414 | Zot:5    | Gained mutation: [Your body sometimes deteriorates upon
                  | taking damage.] [an orb of fire]
 66433 | Zot:5    | Killed an orb of fire
 66450 | Zot:5    | Killed an orb of fire
 66454 | Zot:5    | Noticed an orb of fire
 66464 | Zot:5    | Gained mutation: Armour fits poorly on your strangely
                  | shaped body. [an orb of fire]
 66476 | Zot:5    | Killed an orb of fire
 66477 | Zot:5    | Reached skill level 23 in Shields
 66503 | Zot:5    | Killed an orb of fire
 66512 | Zot:5    | Noticed an orb of fire
 66518 | Zot:5    | Lost mutation: You are robust. (+10% HP) [an orb of fire]
 66532 | Zot:5    | Killed an orb of fire
 67102 | Zot:5    | Noticed an orb of fire
 67120 | Zot:5    | Gained mutation: [You sometimes lose the ability to read
                  | scrolls when taking damage.] [an orb of fire]
 67123 | Zot:5    | Gained mutation: Potions are less effective at restoring
                  | your health. [an orb of fire]
 67124 | Zot:5    | Killed an orb of fire
 67133 | Zot:5    | Lost mutation: You are very clumsy. (Dex -4) [an orb of
                  | fire]
 67141 | Zot:5    | Killed an orb of fire
 67141 | Zot:5    | Received a gift from Okawaru
 67301 | Zot:5    | Noticed an orb of fire
 67318 | Zot:5    | Killed an orb of fire
 67393 | Zot:5    | Noticed an orb of fire
 67415 | Zot:5    | Gained mutation: [Your spells are a little easier to cast,
                  | but a little less powerful.] [an orb of fire]
 67421 | Zot:5    | Killed an orb of fire
 67421 | Zot:5    | Received a gift from Okawaru
 67425 | Zot:5    | Noticed an orb of fire
 67428 | Zot:5    | Noticed a dread lich
 67439 | Zot:5    | Killed an orb of fire
 67449 | Zot:5    | Killed a dread lich
 67454 | Zot:5    | Killed an ancient lich
 67468 | Zot:5    | Killed an orb of fire
 67470 | Zot:5    | Received a gift from Okawaru
 68005 | Slime:1  | Entered Level 1 of the Pits of Slime
 68019 | Lair:6   | Lost mutation: Armour fits poorly on your strangely shaped
                  | body. [potion of mutation]
 68019 | Lair:6   | Lost mutation: [You sometimes lose the ability to read
                  | scrolls when taking damage.] [potion of mutation]
 68019 | Lair:6   | Lost mutation: [Your spells are a little easier to cast,
                  | but a little less powerful.] [potion of mutation]
 68019 | Lair:6   | Gained mutation: [Your body often deteriorates upon taking
                  | damage.] [potion of mutation]
 68195 | Slime:2  | Received a gift from Okawaru
 68531 | Slime:5  | Entered Level 5 of the Pits of Slime
 68537 | Slime:5  | Gained mutation: You are dopey. (Int -2) [a shining eye]
 68602 | Slime:5  | Found a viscous altar of Jiyva.
 68603 | Slime:5  | Noticed the Royal Jelly
 68668 | Slime:5  | Killed the Royal Jelly
 68893 | Slime:5  | Got a slimy rune of Zot
 68900 | Slime:5  | Identified the +7 mace of Annoyance {freeze, Dex+6}
 69651 | Temple   | Fell from the grace of Okawaru
 69651 | Temple   | Became a worshipper of the Shining One
 69956 | Vaults:2 | Killed a dread lich
 70014 | Crypt:1  | Entered Level 1 of the Crypt
 70058 | Crypt:1  | Reached * piety under the Shining One
 70066 | Crypt:1  | Reached skill level 24 in Shields
 70253 | Crypt:1  | Reached ** piety under the Shining One
 70320 | Crypt:1  | Reached *** piety under the Shining One
 70455 | Crypt:1  | Reached **** piety under the Shining One
 70597 | Crypt:1  | Reached ***** piety under the Shining One
 71062 | Crypt:3  | Entered Level 3 of the Crypt
 71121 | Crypt:3  | Reached ****** piety under the Shining One
 71140 | Crypt:3  | Identified a +9 broad axe of holy wrath (a +9 broad axe of
                  | protection blessed by the Shining One)
 71140 | Crypt:3  | Received a gift from the Shining One
 71313 | Crypt:3  | Noticed a dread lich
 71330 | Crypt:3  | Killed a dread lich
 71408 | Crypt:3  | Found an ancient bone altar of Kikubaaqudgha.
 72410 | Pan      | Entered Pandemonium
 72449 | Pan      | Noticed Yhot the pandemonium lord
 72467 | Pan      | Killed Yhot the pandemonium lord
 72641 | Pan      | Identified the +2 chain mail of Broken Taboos {Str+2 Int+3}
 72763 | Pan      | Noticed Nahemuqu the pandemonium lord
 72773 | Pan      | Killed Nahemuqu the pandemonium lord
 72826 | Pan      | Found a transporter.
 72841 | Pan      | Reached skill level 1 in Spellcasting
 72895 | Pan      | Reached skill level 1 in Translocations
 73400 | Pan      | Entered the realm of Gloorx Vloq.
 73567 | Pan      | Noticed Gloorx Vloq
 73576 | Pan      | Killed Gloorx Vloq
 73611 | Pan      | Got a dark rune of Zot
 73711 | Pan      | Entered the realm of Mnoleg.
 73739 | Pan      | Learned a level 2 spell: Blink
 73742 | Pan      | Gained mutation: [You tend to lose your temper in combat.]
                  | [a neqoxec]
 73747 | Pan      | Lost mutation: [You tend to lose your temper in combat.] [a
                  | shining eye]
 73754 | Pan      | Gained mutation: You passively map a small area around you.
                  | [a cacodemon]
 73755 | Pan      | Lost mutation: You are clumsy. (Dex -2) [a cacodemon]
 73868 | Pan      | Noticed Mnoleg
 73882 | Pan      | Killed Mnoleg
 73902 | Pan      | Got a glowing rune of Zot
 73948 | Pan      | Noticed Xutaloatar the pandemonium lord
 73964 | Pan      | Killed Xutaloatar the pandemonium lord
 74585 | Pan      | Lost mutation: You are dopey. (Int -2) [potion of mutation]
 74585 | Pan      | Lost mutation: You passively map a small area around you.
                  | [potion of mutation]
 74585 | Pan      | Lost mutation: Potions are less effective at restoring your
                  | health. [potion of mutation]
 74585 | Pan      | Lost mutation: [Your body often deteriorates upon taking
                  | damage.] [potion of mutation]
 74585 | Pan      | Gained mutation: Potions are less effective at restoring
                  | your health. [potion of mutation]
 74585 | Pan      | Gained mutation: You do not regenerate when monsters are
                  | visible. [potion of mutation]
 74585 | Pan      | Gained mutation: You have large cloven feet. [potion of
                  | mutation]
 74586 | Pan      | Lost mutation: You do not regenerate when monsters are
                  | visible. [potion of mutation]
 74586 | Pan      | Lost mutation: You have very sharp teeth. [potion of
                  | mutation]
 74586 | Pan      | Gained mutation: [You are frail. (-10% HP)] [potion of
                  | mutation]
 74586 | Pan      | Gained mutation: You are clumsy. (Dex -2) [potion of
                  | mutation]
 74586 | Pan      | Lost mutation: [You are frail. (-10% HP)] [potion of
                  | mutation]
 74587 | Pan      | Lost mutation: [Your body sometimes deteriorates upon
                  | taking damage.] [potion of mutation]
 74587 | Pan      | Lost mutation: You are clumsy. (Dex -2) [potion of
                  | mutation]
 74587 | Pan      | Gained mutation: Potions cannot restore your health.
                  | [potion of mutation]
 74587 | Pan      | Gained mutation: You possess an exceptional clarity of
                  | mind. [potion of mutation]
 75016 | Pan      | Entered the realm of Cerebov.
 75235 | Pan      | Found the +6 sword of Cerebov {flame}
 75235 | Pan      | Noticed Cerebov
 75253 | Pan      | Reached skill level 25 in Shields
 75731 | Pan      | Found an exit through the horrors of the Abyss.
 75739 | Pan      | Identified the ring of Xuhesen {rElec rC- rCorr Str+6
                  | Stlth+}
 75893 | Pan      | Identified the +1 tower shield of the Doldrums {rF- Str+7}
 75917 | Pan      | Killed Cerebov
 75918 | Pan      | Reached skill level 5 in Spellcasting
 75918 | Pan      | Reached skill level 5 in Translocations
 75935 | Pan      | Got a fiery rune of Zot
 76064 | Pan      | Identified the ring "Okkuafurr" {Drain Int+7 SInv Stlth+}
 76083 | Pan      | Identified the +1 chain mail "Kuecaiv" {rElec Will- Slay+6
                  | SInv}
 76112 | Pan      | Identified the ring "Baogukam" {Wiz rElec Int+3}
 76180 | Pan      | Identified the ring "Tobut" {rElec rC- rCorr EV+4 Str+6
                  | Dex-2}
 76219 | Pan      | Identified the +5 mace "Hock" {flame, rPois rC+ rCorr
                  | Int-5}
 76601 | Pan      | Gained mutation: You have hoof-like feet. [a cacodemon]
 76725 | Pan      | Found an exit through the horrors of the Abyss.
 76929 | Depths:1 | Escaped Pandemonium
 76931 | Pan      | Entered the realm of Lom Lobon.
 76931 | Pan      | Entered Pandemonium
 77118 | Pan      | Noticed Lom Lobon
 77124 | Pan      | Got a magical rune of Zot
 77276 | Pan      | Found an exit through the horrors of the Abyss.
 77319 | Pan      | Noticed Lom Lobon
 77328 | Pan      | Found a runed translucent door.
 77332 | Pan      | Found a runed translucent door.
 77335 | Pan      | Found a runed translucent door.
 77335 | Pan      | Was forgiven by Okawaru
 77338 | Pan      | Noticed Tamitu the pandemonium lord
 77348 | Pan      | Killed Tamitu the pandemonium lord
 77358 | Pan      | Found a runed translucent door.
 77369 | Pan      | Identified the ring of Jaathruil {Wiz *Slow rC++ rN+
                  | Stlth+}
 77460 | Pan      | Noticed Lom Lobon
 77487 | Pan      | Found a huge runed translucent gate.
 77488 | Pan      | Found a huge runed translucent gate.
 77493 | Pan      | Found a huge runed translucent gate.
 77497 | Pan      | Found a huge runed translucent gate.
 77523 | Pan      | Found a huge runed translucent gate.
 77524 | Pan      | Found a huge runed translucent gate.
 77525 | Pan      | Found a huge runed translucent gate.
 77530 | Pan      | Noticed Neynal the pandemonium lord
 77539 | Pan      | Killed Neynal the pandemonium lord
 77645 | Pan      | Gained mutation: [You are weak. (Str -2)] [a cacodemon]
 77648 | Pan      | Noticed Gais the pandemonium lord
 77664 | Pan      | Killed Gais the pandemonium lord
 77775 | Pan      | Noticed Pocvut the pandemonium lord
 77794 | Pan      | Killed Pocvut the pandemonium lord
 77882 | Pan      | Noticed Zoihav the pandemonium lord
 77903 | Pan      | Killed Zoihav the pandemonium lord
 77977 | Pan      | Found a transporter.
 78180 | Pan      | Identified the +14 plate armour "Xurur" {Str+2 Dex+4
                  | Stlth+}
 78208 | Pan      | Found a transporter.
 78373 | Pan      | Found a glowing silver altar of Zin.
 78390 | Pan      | Killed from afar by a daeva

Illustrated notes

Levels and vault maps discovered:
D:1:      dpeg_arrival_arbitrary_a, layout_basic, minmay_misc_feat_columns
D:2:      layout_loops_cross, corexii_item_surrounded_by_moat
D:3:      layout_rooms, grunt_temple_overflow_bloody_war, serial_shops,
          shop_fountains, minmay_misc_feat_enclosed, minmay_shallow_snake_nest
D:4:      layout_basic, nicolae_qazlal_style_of_elements, uniq_sigmund
D:5:      layout_basic, serial_glass, glass_columns_a, glass_columns_a,
          glass_columns_a, glass_columns_b, glass_columns_a, glass_columns_a,
          glass_columns_a, glass_columns_a, glass_columns_a, glass_columns_a,
          item_on_display_b, corexii_leaking_fountain, uniq_edmund
D:6:      layout_cave_pools, temple_statues, serial_rivers,
          chequers_serial_rivers_micro_b, chequers_serial_rivers_small_3,
          chequers_serial_rivers_micro_c, chequers_serial_rivers_large_b,
          minmay_misc_feat_secret_circle, dk_noncrumbling_3, uniq_pikel
D:7:      wad_guarded_room, layout_basic, lemuel_round_altar, enter_bailey_2
D:8:      layout_basic
D:9:      layout_cave_pools, worms_lemuel
D:10:     layout_roguey, uniq_joseph
D:11:     layout_long_grid, david_lair_shrubbed
D:12:     layout_roguey, orc_david_3
D:13:     layout_loops_corners, uniq_nessos, uniq_josephine
D:14:     minmay_firetagon, layout_rooms, david_vaults_2,
          kennysheep_pointless_box, serial_corexii_hall, corexii_hall_statues_x,
          chequers_hall_statues_wall_a, chequers_hall_statues_corner_a,
          corexii_hall_statues_l
D:15:     gammafunk_enter_depths_forms, layout_cave_pods, serial_column_ruins,
          column_ruins_square_large, column_ruins_hut_ruined,
          column_ruins_corridor_straight, column_ruins_grid_1,
          column_ruins_columns_corner, column_ruins_corridor_T,
          portal_ice_cave_entry_imps, chequers_serial_rivers_micro_d
Temple:   regret_index_temple_mists
Lair:1:   layout_gridlike, beast_lair_carwin_2, grunt_megastairs_2, uniq_erica,
          uniq_gastronok
Lair:2:   layout_regular_city, swamp_mist, dummy_snake_entry, ice2_lemuel
Lair:3:   layout_gridlike, lemuel_fruit_tree, lemuel_fruit_fields,
          infiniplex_staircase_pool_2
Lair:4:   layout_cave_pods, st_stairs_12, fungi_pond_lemuel
Lair:5:   layout_gridlike, grunt_megastairs_3, uniq_sonja
Lair:6:   due_jungle_book, layout_big_grid, nicolae_slime_entry_slimehenge,
          minmay_lair_oklob_chamber
Swamp:1:  layout_falls_marsh, evilmike_swamp_ruin_house_2, swamp_pool2,
          hangedman_swamp_pad, uniq_nikola
Swamp:2:  gammafunk_sealed_arena, layout_falls_marsh, hangedman_swamp_lotus,
          uniq_louise
Swamp:3:  layout_basic_swamp, evilmike_swamp_ruin_house_6,
          nicolae_swamp_oklob_treasure_island, uniq_kirke
Swamp:4:  swamp_fiery, layout_basic_swamp
Snake:1:  layout_honeycomb, minmay_shop_star
Snake:2:  layout_cave_town, serial_shops, shop_fountains, grunt_megastairs_1,
          uniq_vashnia
Snake:3:  layout_layer_cave
Snake:4:  grunt_snake_rune_spirals, layout_onion_interference,
          hangedman_snake_wide_pillar_pass, nicolae_snake_linked_coils
Slime:1:  layout_caves
Slime:2:  layout_caves
Slime:3:  layout_caves
Slime:4:  layout_caves
Slime:5
Orc:1:    layout_caves, hangedman_feature_mirror
Orc:2:    st_orc_elflike, layout_diamond_mine, serial_shops, shop_statue
Vaults:1: nicolae_vaults_border_crossing,
          nicolae_vaults_windows_and_doors_thing,
          vaults_room_grunt_arrival_ludios, st_smaller_cells,
          nicolae_vaults_ring_of_whatevers, ontoclasm_vaults_shuriken,
          serial_ice_m, ontoclasm_vaults_decontamination,
          dpeg_vaults_monster_box, layout_vaults_omnigrid, serial_shops,
          nicolae_square_shop
Vaults:2: gammafunk_sealed_library, hangedman_vaults_corner,
          nicolae_vaults_yaktaur_gun_rack, minmay_crypt_entry_necro_gods,
          v_misc_3, nicolae_vaults_shelves_hall, v_misc_29, v_pattern_2,
          vaults_dpeg_encased_lava, grunt_vaults_hallway_short, v_misc_4,
          layout_vaults_big_room, serial_shops,
          nicolae_shop_competitors_out_of_business
Vaults:3: hangedman_vaults_nails, v_alt_pattern_4,
          dpeg_vaults_monster_doublerow, vaults_room_semicircle,
          v_alt_pattern_4, v_alt_pattern_2, vaults_mumra_chevron, v_misc_12,
          nicolae_vaults_gold_heap, vaults_room_fours, layout_vaults_ring
Vaults:4: vaults_mumra_hexcomb, v_misc_29, nicolae_vaults_network_quincunx
          [nicolae_vaults_network_quincunx_subvault,
          nicolae_vaults_network_quincunx_subvault,
          nicolae_vaults_network_quincunx_subvault,
          nicolae_vaults_network_quincunx_subvault,
          nicolae_vaults_network_quincunx_subvault], nicolae_vaults_network_s,
          vaults_mumra_minichess, v_misc_27, grunt_vaults_bifocal,
          layout_vaults_omnicross, portal_desolation_entry_nicolae_slug,
          serial_shops, nicolae_shop_behind_doors, uniq_jory
Vaults:5: uniq_frederick
Crypt:1:  layout_misc_corridors, st_stairs_5, st_vampire_maze
Crypt:2:  layout_basic, serial_co_window_serial, co_window_paths_a,
          co_window_paths_a, co_window_corner_a, co_window_paths_a,
          co_window_corner_a, co_window_paths_a, co_window_paths_b,
          co_window_corner_a, co_window_of_opportunity_a, co_window_broadway_a,
          co_window_unsneaky_path_a, co_window_corner_cb,
          co_window_unsneaky_path_b, co_window_corner_b,
          co_window_of_opportunity_c, glass_columns_a, glass_columns_c,
          glass_columns_a, glass_columns_b, uniq_saint_roka
Crypt:3:  cryptofortress_bobbens
Depths:1: layout_gridlike, grunt_pan_entry_zigzag, grunt_hell_entry_dis_mu,
          lemuel_blue_sif_altar, tso_oasis_becter, serial_bayou_shore_b,
          infiniplex_staircase_pool_lava
Depths:2: minmay_diamond_stairs, layout_gridlike, hell_entry,
          nicolae_hepliaklqana_hazy_memory, infiniplex_staircase_x,
          grunt_megastairs_5
Depths:3: minmay_polygon_palace, layout_gridlike, enter_ziggurat_b,
          chequers_serial_rivers_room_b, hell_entry, rand_demon_pan_entry_9,
          infiniplex_staircase_pillars_3a, serial_bayou_shore_a
Depths:4: little_maze_vault, layout_cave_pools, pan_entry, abyss_entry_crystal,
          nemelex_lonely_heart_becter, hell_entry, chequers_jeans,
          infiniplex_staircase_spiral, minmay_shop_grove
Depths:5: grunt_twist_and_shout, layout_small_grid, grunt_mini_vestibule,
          uniq_margery, uniq_boris, uniq_enchantress
Zot:1:    layout_basic, gammafunk_ghost_abyssal_escape, zot_minivault_1
Zot:2:    layout_concentric_octagons
Zot:3:    layout_cathedral_of_symmetry
Zot:4:    layout_twisted_circle
Zot:5:    layout_basic, gammafunk_ghost_tricky_traps
Pan:      rand_demon_2, layout_irregular_city, pan_blood_fountain_small,
          evilmike_mini_pan_corridor, layout_basic, nicolae_pan_sigil_obb,
          pan_captured_pigsty, evilmike_mini_pan_corner, layout_stronghold,
          nicolae_pan_cerebovesque_2, gammafunk_its_a_trap, layout_basic,
          rand_demon_5, layout_small_grid, evilmike_mini_pan_corner,
          layout_onion_city, nicolae_pan_glass_arcs, layout_pan_divisions_a
          [pan_division_quadrant_a6, pan_division_quadrant_a4,
          pan_division_quadrant_a2, pan_division_quadrant_a6,
          pan_division_octagon_box], evilmike_mini_pan_T, layout_pan_divisions_b
          [pan_division_quadrant_b3, pan_division_quadrant_b1,
          pan_division_quadrant_b3, pan_division_quadrant_b1],
          nicolae_pan_gloorx_vloqian_3, gloorx_vloq, layout_pan_divisions_a
          [pan_division_quadrant_a6, pan_division_quadrant_a6,
          pan_division_quadrant_a6, pan_division_quadrant_a3,
          pan_division_octagon_halves], nicolae_pan_gloorx_vloqian_1, mnoleg,
          layout_gridville, lemuel_hellion_island, layout_pan_divisions_a
          [pan_division_quadrant_a2, pan_division_quadrant_a4,
          pan_division_quadrant_a4, pan_division_quadrant_a2,
          pan_division_octagon_empty], pan_blood_fountain_small,
          evilmike_mini_pan_diamond, layout_small_grid, pan_blood_fountain,
          cerebov, layout_small_grid, nicolae_pan_gloorx_vloqian_4,
          evilmike_mini_pan_T, layout_small_grid, uniq_mennas_pan,
          grunt_pan_sceptre, layout_pan_divisions_a [pan_division_quadrant_a2,
          pan_division_quadrant_a6, pan_division_quadrant_a6,
          pan_division_quadrant_a2, pan_division_octagon_rings], lom_lobon,
          layout_long_grid, pan_blood_fountain, rand_demon_6, layout_gridlike,
          nicolae_pan_diamonds, layout_pan_divisions_a
          [pan_division_quadrant_a3, pan_division_quadrant_a4,
          pan_division_quadrant_a3, pan_division_quadrant_a4,
          pan_division_octagon_box], rand_demon_7, layout_gridlike,
          uniq_lom_lobon, nicolae_pan_sigil_uleosi, nicolae_pan_giant_door,
          layout_pan_divisions_a [pan_division_quadrant_a3,
          pan_division_quadrant_a1, pan_division_quadrant_a6,
          pan_division_quadrant_a3, pan_division_octagon_box], uniq_lom_lobon,
          rand_demon_3, layout_grid_shapes, evilmike_mini_pan_pillars_b,
          layout_onion_city, evilmike_mini_pan_corner, layout_gridville,
          gammafunk_the_bubble [the_bubble_gammafunk_plus_minus],
          layout_onion_city, nicolae_pan_mnolegish_4, evilmike_mini_pan_doors,
          layout_stronghold, nicolae_pan_cerebovesque_1, evilmike_holy_pan

Skill      XL: |  1  2  3  4  5  6  7  8  9 10 11 12 13 14 15 16 17 18 19 20 21 22 23 24 25 26 27 |
---------------+----------------------------------------------------------------------------------+-----
Axes           | 2 3 4 5 6 8 10 11 13 14 15 16 17 18 19 22 | 22.6
Invocations    | 2 3 5 8 11 12 13 14 15 19 | 19.3
Fighting       | 4 7 10 12 15 18 19 20 22 | 22.2
Armour         | 4 7 8 10 12 13 14 15 16 17 18 22 | 22.5
Shields        | 4 7 10 13 15 17 18 19 20 21 22 25 | 25.4
Evocations     | 3 6 7 8 10 12 | 12.1
Dodging        | 1 4 6 8 10 14 15 16 17 20 | 20.4
Spellcasting   | 7 |  7.2
Translocations | 7 |  7.1

Action                   |  1- 3 |  4- 6 |  7- 9 | 10-12 | 13-15 | 16-18 | 19-21 | 22-24 | 25-27 || total
-------------------------+-------+-------+-------+-------+-------+-------+-------+-------+-------++-------
Melee: War axe           |    93 |    65 |   288 |   647 |  1000 |       |       |       |       ||  2093
       Hand axe          |       |       |       |       |   106 |       |    53 |       |       ||   159
       Broad axe         |       |       |       |       |   165 |  1439 |  1557 |  1664 |  3970 ||  8795
       Bite              |       |       |       |       |       |       |       |       |   256 ||   256
Throw: Dart              |       |     1 |     5 |       |       |     6 |       |       |     2 ||    14
 Cast: Apportation       |       |       |       |       |       |       |       |       |     2 ||     2
Invok: Heroism           |       |       |     7 |    11 |    22 |    21 |    20 |    19 |    32 ||   132
       Finesse           |       |       |       |     1 |    14 |    18 |    11 |    13 |    27 ||    84
       Cleansing Flame   |       |       |       |       |       |       |       |       |    45 ||    45
       Summon Divine War |       |       |       |       |       |       |       |       |    34 ||    34
       Divine Shield     |       |       |       |       |       |       |       |       |     3 ||     3
       Brand Weapon With |       |       |       |       |       |       |       |       |     1 ||     1
Evoke: Wand              |       |       |       |     6 |    14 |     1 |     6 |     8 |     8 ||    43
       Tin of tremorston |       |       |       |       |       |       |       |     4 |    12 ||    16
       Condenser vane    |       |       |       |       |       |       |       |     2 |     7 ||     9
       Phantom mirror    |       |       |       |       |       |       |       |     1 |       ||     1
       Box of beasts     |       |       |       |       |       |       |       |       |     5 ||     5
  Use: Potion            |       |     5 |     6 |       |    11 |     4 |     2 |     3 |    26 ||    57
       Scroll            |       |       |    11 |     5 |    12 |    18 |     3 |     6 |    39 ||    94
 Stab: Invisible         |       |       |     1 |       |       |       |       |       |       ||     1
       Paralysed         |       |       |       |    11 |     7 |       |     2 |       |       ||    20
       Petrifying        |       |       |       |       |     1 |       |       |       |       ||     1
       Confused          |       |       |       |       |       |       |     1 |       |       ||     1
Armor: Scale mail        |    50 |    41 |   138 |    25 |       |       |       |       |       ||   254
       Skin              |       |       |    20 |       |       |       |       |       |       ||    20
       Chain mail        |       |       |       |   131 |       |       |       |       |       ||   131
       Plate armour      |       |       |       |    88 |   648 |   277 |   403 |   378 |   360 ||  2154
       Gold dragon scale |       |       |       |       |       |       |       |       |   579 ||   579
Dodge: Dodged            |    19 |    23 |   116 |   176 |   439 |   190 |   233 |   198 |   457 ||  1851
Block: Kite shield       |    41 |    56 |   159 |   586 |  1305 |   234 |       |       |       ||  2381
       Reflection        |       |       |       |    28 |    36 |   171 |    51 |    37 |    76 ||   399
       Tower shield      |       |       |       |       |       |  1009 |  1250 |  1220 |  3097 ||  6576

Table legend: (Time is in decaauts)
 A = Elapsed time spent in this place.
 B = Non-inter-level travel time spent in this place.
 C = Inter-level travel time spent in this place.
 D = Time resting spent in this place.
 E = Time spent auto-exploring this place.
 F = Levels seen in this place.
 G = Mean time per level.
                   A        B        C        D        E       F      G
               +--------+--------+--------+--------+--------+-----+--------+
         Total |  74123 |  68003 |   6120 |   4189 |  49859 |  92 |  805.7 |
       Dungeon |  19013 |  16639 |   2374 |    815 |  13127 |  15 | 1267.5 |
        Temple |    337 |    268 |     69 |      0 |    265 |   1 |  337.0 |
          Lair |   8763 |   7890 |    873 |    641 |   5851 |   6 | 1460.5 |
         Swamp |   2719 |   2531 |    188 |    580 |   1350 |   4 |  679.8 |
     Snake Pit |   5181 |   4836 |    345 |     42 |   3648 |   4 | 1295.2 |
    Slime Pits |   1165 |   1130 |     35 |    339 |    525 |   5 |  233.0 |
  Orcish Mines |   1565 |   1417 |    148 |    264 |    896 |   2 |  782.5 |
        Vaults |   9293 |   8433 |    860 |     38 |   6722 |   5 | 1858.6 |
         Crypt |   1868 |   1666 |    202 |      0 |   1131 |   3 |  622.7 |
        Depths |   9841 |   9022 |    819 |    322 |   7434 |   5 | 1968.2 |
           Zot |   6886 |   6683 |    203 |    374 |   5306 |   5 | 1377.2 |
   Pandemonium |   5515 |   5515 |      0 |    720 |   2270 |  26 |  212.1 |
      Ziggurat |    675 |    675 |      0 |      0 |    387 |   9 |   75.0 |
      Ice Cave |     92 |     92 |      0 |      0 |     48 |   1 |   92.0 |
    Desolation |   1203 |   1203 |      0 |     53 |    897 |   1 | 1203.0 |
               +--------+--------+--------+--------+--------+-----+--------+

Top non-repeatable levels by time:
Vaults:1: 2570 daAuts
Depths:3: 2542 daAuts
Depths:4: 2513 daAuts
   Zot:5: 2008 daAuts
Vaults:2: 1997 daAuts
   Zot:1: 1985 daAuts
  Lair:2: 1909 daAuts
Vaults:5: 1902 daAuts
    D:15: 1873 daAuts
Depths:1: 1844 daAuts
  Lair:6: 1815 daAuts
 Snake:2: 1691 daAuts
  Lair:1: 1636 daAuts
Depths:5: 1616 daAuts
    D:13: 1569 daAuts
